 Dungeon Crawl Stone Soup version 0.29.0-4-gdea44cf6ec (webtiles) character file.

Game seed: 18133128940499470675

34 qw the Chopper (level 3, 0/21 HPs)
             Began as a Tengu Warper on Aug 28, 2022.
             Slain by a hobgoblin (2 damage)
             ... on level 1 of the Dungeon.
             The game lasted 00:00:08 (1394 turns).

qw the Chopper (Tengu Warper)                       Turns: 1394, Time: 00:00:08

Health: 0/21       AC:  5    Str: 13    XL:     3   Next: 31%
Magic:  7/7        EV: 11    Int: 13    God:
Gold:   34         SH:  0    Dex: 13    Spells: 6/6 levels left

rFire   . . .      SeeInvis .   Y - +0 hand axe
rCold   . . .      Faith    .   (no shield)
rNeg    . . .      Spirit   .   j - +0 ring mail
rPois   .          Reflect  .   (helmet restricted)
rElec   .          Harm     .   (no cloak)
rCorr   .          Rampage  .   (no gloves)
Will    .....                   (boots unavailable)
Stlth   +.........              (no amulet)
HPRegen 0.07/turn               (no ring)
MPRegen 0.10/turn               (no ring)

@: no status effects
A: beak, talons 3
a: no special abilities


You were on level 1 of the Dungeon.
You visited 1 branch of the dungeon, and saw 2 of its levels.

You collected 34 gold pieces.


Innate Abilities, Weirdness & Mutations

You have a beak for a mouth.
You have claws for feet.


   Skills:
 - Level 2.0 Fighting
 + Level 4.0 Axes
 - Level 1.0 Throwing
 - Level 1.1 Armour
 - Level 2.1 Dodging
 - Level 2.0 Spellcasting
 - Level 2.4 Translocations


You had 6 spell levels left.
You didn't know any spells.
Your spell library contained the following spells:

 Spells                   Type           Power      Damage    Failure   Level
 Blink                    Tloc           14%        N/A       30%         2
 Gell's Gravitas          Tloc           7%         N/A       52%         3
 Lesser Beckoning         Tloc           7%         N/A       52%         3
 Teleport Other           Tloc           7%         N/A       52%         3
 Manifold Assault         Tloc           7%         N/A       99%         5

Inventory:

Hand Weapons
 f - a +0 mace
 Y - a +0 hand axe (weapon)
Armour
 j - a +0 ring mail (worn)
Scrolls
 h - a scroll of identify
Potions
 d - a potion of mutation {unknown}

Dungeon Overview and Level Annotations

Branches:
Dungeon (2/15)

Altars:


Message History

You closely miss the ball python. Your peck misses the ball python.
The ball python is heavily wounded.
You hit the quokka. You completely miss the hobgoblin.
The ball python closely misses you. The ball python constricts you.
The quokka bites you.
A ball python comes into view.
The hobgoblin hits you.
You closely miss the ball python. You claw the ball python.
You kill the ball python!
You hit the hobgoblin. You closely miss the quokka.
The quokka closely misses you. The hobgoblin barely misses you.
The quokka bites you.
1386 ||| STAIRDANCE The quokka barely misses you.
The hobgoblin closely misses you.
You climb upwards.
There is a stone staircase leading down here.
You hit the quokka but do no damage.
The quokka is heavily wounded.
The quokka closely misses you.
You closely miss the quokka.
The quokka is heavily wounded.
The quokka bites you but does no damage.
You closely miss the quokka. Your kick misses the quokka.
Your peck misses the quokka.
The quokka is heavily wounded.
The quokka closely misses you.
The quokka bites you but does no damage.
You hit the quokka. Your kick misses the quokka.
You peck the quokka, but do no damage. You punch the quokka, but do no damage.
The quokka is almost dead.
The quokka bites you.
You barely miss the quokka. Your kick misses the quokka.
The quokka is almost dead.
The quokka bites you.
You hit the quokka.
You kill the quokka!
You barely miss the hobgoblin.
The hobgoblin is moderately wounded.
The hobgoblin hits you.
You die...

####.#####.# #..#.#
#....>%.##.########..#.# #######
..#...#..............#.####......
#.#...#.######.##............####
..#####.# #..¤¤¤..#.##.####..###
..# #.# #.#¤.¤¤...##.#.......##
..#####.###...¤~~~...#....~~~~...
........##...~¤~~~~......~~~~~~.#
.###.#.###...~~g@~~......~~~~~~.#
.###.#.##....~~~~¤~..[...~~~~~~.#
.##...........~¤¤¤..####..~~~~..#
.##..#.##...#......## ##......##
.....#.............# #.####.##
###.######.##...#..## ##.# #...
#.# #.##.#.#.%.####..# #.## #.#
#.##.#.#.#......## #.#
#.######.#..#.#.##..#### #.#


You could see a hobgoblin.

Vanquished Creatures
  An endoplasm (D:1)
  2 giant cockroaches (D:1)
  3 goblins (D:1)
  5 hobgoblins (D:1)
  3 quokkas (D:1)
  8 ball pythons
  2 bats (D:1)
  3 frilled lizards (D:1)
  4 kobolds (D:1)
  A rat (D:1)
32 creatures vanquished.

Notes
Turn   | Place    | Note
-------+----------+-------------------------------------------
     0 | D:1      | qw the Tengu Warper began the quest for the Orb.
     0 | D:1      | Reached XP level 1. HP: 12/12 MP: 4/4
     0 | D:1      | 0 ||| qw: Version: 0.1-a-89-g26bdef1
     0 | D:1      | 0 ||| qw: Game counter: 564
     0 | D:1      | 0 ||| qw: Always use a shield: true
     0 | D:1      | 0 ||| qw: God list: Okawaru
     0 | D:1      | 0 ||| qw: Allow faded altars: false
     0 | D:1      | 0 ||| qw: Do Orc after D:15 true
     0 | D:1      | 0 ||| qw: Do second Lair branch before Depths: true
     0 | D:1      | 0 ||| qw: Lair rune preference: random
     0 | D:1      | 0 ||| qw: Plans: Normal
     0 | D:1      | 0 ||| PLANNING D:1-11
    59 | D:1      | 59 ||| Stepping ~*~*~tactically~*~*~ (stealth).
    61 | D:1      | 61 ||| Stepping ~*~*~tactically~*~*~ (stealth).
    63 | D:1      | 63 ||| Stepping ~*~*~tactically~*~*~ (stealth).
    79 | D:1      | 79 ||| Stepping ~*~*~tactically~*~*~ (stealth).
    80 | D:1      | 80 ||| Stepping ~*~*~tactically~*~*~ (stealth).
    88 | D:1      | 88 ||| Stepping ~*~*~tactically~*~*~ (stealth).
    90 | D:1      | 90 ||| Stepping ~*~*~tactically~*~*~ (stealth).
    91 | D:1      | 91 ||| Stepping ~*~*~tactically~*~*~ (stealth).
    96 | D:1      | 96 ||| Stepping ~*~*~tactically~*~*~ (stealth).
    97 | D:1      | 97 ||| Stepping ~*~*~tactically~*~*~ (stealth).
    98 | D:1      | 98 ||| Stepping ~*~*~tactically~*~*~ (stealth).
    99 | D:1      | 99 ||| Stepping ~*~*~tactically~*~*~ (stealth).
   112 | D:1      | Reached XP level 2. HP: 10/17 MP: 6/6
   119 | D:1      | Reached skill level 3 in Axes
   759 | D:1      | 759 ||| Stepping ~*~*~tactically~*~*~ (stealth).
   769 | D:1      | 769 ||| Stepping ~*~*~tactically~*~*~ (stealth).
   770 | D:1      | 770 ||| Stepping ~*~*~tactically~*~*~ (stealth).
   788 | D:1      | 788 ||| Stepping ~*~*~tactically~*~*~ (stealth).
   792 | D:1      | 792 ||| Stepping ~*~*~tactically~*~*~ (stealth).
   793 | D:1      | 793 ||| Stepping ~*~*~tactically~*~*~ (stealth).
   827 | D:1      | 827 ||| Stepping ~*~*~tactically~*~*~ (stealth).
  1020 | D:1      | Reached XP level 3. HP: 20/21 MP: 7/7
  1327 | D:1      | 1327 ||| UPGRADING to +0 ring mail.
  1337 | D:1      | 1337 ||| DROPPING +0 leather armour.
  1338 | D:1      | 1338 ||| READING scroll labelled MUNAFAA VIJOCI.
  1339 | D:1      | 1339 ||| READING scroll labelled MEYPSI WIETT.
  1340 | D:1      | 1340 ||| READING 2 scrolls labelled KUAGEC KODOUFOOXO.
  1341 | D:1      | 1341 ||| READING scroll labelled ZETUUS ALU.
  1346 | D:1      | 1346 ||| DROPPING scroll of blinking.
  1382 | D:2      | 1382 ||| STAIRDANCE
  1384 | D:2      | Reached skill level 4 in Axes
  1386 | D:2      | 1386 ||| STAIRDANCE
  1392 | D:1      | HP: 2/21 [quokka (4)]
  1394 | D:1      | Slain by a hobgoblin

Levels and vault maps discovered:
D:1:      dpeg_arrival_pits, layout_loops_ring, minivault_27,
          minmay_misc_feat_columns, minmay_pentomino_u4
D:2:      layout_rooms, hellmonk_ecumenical_altar_blasted

Skill      XL: |  1  2  3 |
---------------+----------+-----
Axes           | 3 4 |  4.0
Fighting       | |  2.0
Throwing       | |  1.0
Armour         | |  1.1
Dodging        | |  2.1
Spellcasting   | |  2.0
Translocations | |  2.4

Action                   || total
-------------------------++-------
Melee: Hand axe          ||    84
       Kick              ||    17
       Peck              ||     3
       Punch             ||     1
Throw: Boomerang         ||     7
  Use: Scroll            ||     4
Armor: Leather armour    ||    15
       Ring mail         ||     3
Dodge: Dodged            ||    57

Table legend:
 A = Non-vault XP
 B = Vault XP
 C = Vault XP percentage of total XP
 D = Non-vault monster count
 E = Vault monster count
 F = Vault count percentage of total count
                 A         B        C        D         E       F
            +---------+---------+-------+---------+---------+-------
      Total |      43 |       6 |  12.2 |      28 |       4 |  12.5
            +---------+---------+-------+---------+---------+-------
        D:1 |      39 |       6 |  13.3 |      26 |       4 |  13.3
        D:2 |       4 |       0 |   0.0 |       2 |       0 |   0.0
            +---------+---------+-------+---------+---------+-------
